 Dungeon Crawl Stone Soup version 0.24.1 (webtiles) character file.

Game seed: 6644986926093480605, levelgen mode: deterministic

105 funkygono the Magician (level 4, 0/30 HPs)
             Began as a Demonspawn Wizard on Mar 22, 2020.
             Succumbed to Sigmund's poison
             ... on level 3 of the Dungeon.
             The game lasted 00:12:10 (3407 turns).

funkygono the Magician (Demonspawn Wizard)          Turns: 3407, Time: 00:12:10

Health: 0/30       AC:  4    Str:  7    XL:     4   Next: 53%
Magic:  6/10       EV: 12    Int: 20    God:
Gold:   110        SH:  0    Dex: 12    Spells: 8/11 levels left

rFire    . . .     SeeInvis .   (no weapon)
rCold    + . .     Gourm    .   (no shield)
rNeg     . . .     Faith    .   a - +0 robe
rPois    .         Spirit   .   b - +0 hat
rElec    .         Reflect  .   (no cloak)
rCorr    .         Harm     .   (no gloves)
MR       .....                  (no boots)
Stlth    ++........             (no amulet)
HPRegen  0.10/turn              (no ring)
MPRegen  0.12/turn              (no ring)

@: lethally poisoned (0 -> -22)
A: yellow scales 1, cold resistance 1, rot immunity
a: no special abilities


You were on level 3 of the Dungeon.
You were not hungry.

You visited 1 branch of the dungeon, and saw 3 of its levels.

You collected 110 gold pieces.

Inventory:

Hand Weapons
 n - a +0 morningstar
Missiles
 g - 124 stones (quivered)
Armour
 a - a +0 robe (worn)
 b - a +0 hat (worn)
 c - a +0 ring mail of cold resistance
 o - a +0 pair of boots
Jewellery
 k - an uncursed amulet of the acrobat
Scrolls
 e - a scroll of amnesia
Potions
 f - 2 potions of brilliance
 h - a potion of cancellation {unknown}
 i - a potion of degeneration {unknown}
 j - a potion of haste {unknown}
 l - 4 potions of curing
Comestibles
 d - 3 rations
 m - 3 chunks of flesh


   Skills:
 * Level 0.6 Armour
 + Level 2.1 Dodging
 + Level 2.1 Stealth
 + Level 4.1 Spellcasting
 * Level 2.1 Conjurations
 + Level 1.1 Summonings
   Level 0.8 Translocations


You had 8 spell levels left.
You knew the following spells:

 Your Spells              Type           Power        Failure   Level  Hunger
a - Magic Dart            Conj           ##..         5%          1    None
b - Call Imp              Summ           #.......     12%         2    #......

Your spell library contained the following spells:

 Spells                   Type           Power        Failure   Level  Hunger
 Blink                    Tloc           N/A          14%         2    #......
 Slow                     Hex            #.......     19%         2    #......
 Conjure Flame            Conj/Fire      #.......     24%         3    ###....
 Mephitic Cloud           Conj/Pois/Air  #.......     28%         3    ###....


Dungeon Overview and Level Annotations

Branches:
Dungeon (3/15)

Altars:
Cheibriados
Hepliaklqana

Annotations:
D:3 Sigmund


Innate Abilities, Weirdness & Mutations

You are partially covered in yellow scales. (AC +2)
Your flesh is cold resistant. (rC+)
You are immune to rotting.


Message History

[Y]es or [N]o only, please.
Keep equipping yourself?
You stop putting on your armour.
Sigmund hits you from afar with a +1 scythe of venom!
You are poisoned.
You feel sick.
Casting: Magic Dart (safe; 5% risk of failure)
Confirm with . or Enter, or press ? or * to list all spells.
A beastly little devil appears in a puff of frigid air.
You feel sick. Sigmund barely misses you.
You feel sick.
Sigmund hits you from afar with a +1 scythe of venom!
* * * LOW HITPOINT WARNING * * *
You are more poisoned.
* * * LOW HITPOINT WARNING * * *
You feel sick.
Casting: Call Imp (safe; 12% risk of failure)
Confirm with . or Enter, or press ? or * to list all spells.
A beastly little devil appears in a puff of frigid air.
You die...

#......................#.
.....###########.......#
#...##.........#.......#
#...# .#######....##.###
#...# ###..##... #...#
#...# #.# ##.###.# #...#
.#. .......#########..>#
#.#.
##.#####........@.5#.#.#.
.....................#.#.
##.#####.#######5.##.#.#.
##.# #@.# .#.#. ...# ...#
# #. #### ..... ......#
.......# ........#


You could see Sigmund and 2 friendly white imps.

Vanquished Creatures
  An adder (D:2)
  2 oozes (D:1)
  4 dart slugs
  A leopard gecko (D:2)
  An orc (D:3)
  6 bats (D:1)
  6 giant cockroaches
  7 goblins
  6 hobgoblins
  2 jackals (D:2)
  A quokka (D:1)
  A ball python (D:1)
  2 frilled lizards (D:1)
  4 kobolds
  2 rats (D:1)
46 creatures vanquished.

Vanquished Creatures (collateral kills)
  Terence (D:2)
  An adder (D:2)
  A worm (D:1)
3 creatures vanquished.

Grand Total: 49 creatures vanquished

Notes
Turn   | Place    | Note
-------+----------+-------------------------------------------
     0 | D:1      | funkygono the Demonspawn Wizard began the quest for the
                  | Orb.
     0 | D:1      | Reached XP level 1. HP: 13/13 MP: 4/4
   194 | D:1      | Gained mutation: Your flesh is cold resistant. (rC+)
                  | [demonic ancestry]
   194 | D:1      | Reached XP level 2. HP: 6/19 MP: 1/6
  1382 | D:1      | Gained mutation: You are partially covered in yellow
                  | scales. (AC +2) [demonic ancestry]
  1382 | D:1      | Reached XP level 3. HP: 24/24 MP: 5/8
  1976 | D:2      | Reached skill level 4 in Spellcasting
  2171 | D:1      | Learned a level 2 spell: Call Imp
  2560 | D:2      | Gained mutation: You are immune to rotting. [demonic
                  | ancestry]
  2560 | D:2      | Reached XP level 4. HP: 24/30 MP: 6/10
  2699 | D:2      | Noticed Terence
  2743 | D:2      | Killed Terence
  2963 | D:2      | Found a hazy altar of Hepliaklqana.
  3363 | D:3      | Found a snail-covered altar of Cheibriados.
  3400 | D:3      | Noticed Sigmund
  3406 | D:3      | HP: 1/30 [poisoned by Sigmund]
  3407 | D:3      | Succumbed to Sigmund's poison

Levels and vault maps discovered:
D:1:      minmay_arrival_stone_box, layout_basic
D:2:      layout_rooms, lemuel_doored_altar, uniq_terence
D:3:      layout_basic, lemuel_crystal_altar, ebering_ghost_sewer_d,
          serial_co_window_serial, co_window_paths_a, co_window_paths_b,
          co_window_paths_b, co_window_of_opportunity_a, co_window_corner_a,
          co_window_corner_b, co_window_unsneaky_path_c, co_window_broadway_c,
          co_window_corner_b, co_window_paths_e, kennysheep_generic_room_16,
          uniq_sigmund

Skill      XL: |  1  2  3  4 |
---------------+-------------+-----
Dodging        | 2 |  2.1
Spellcasting   | 4 |  4.1
Conjurations   | 2 |  2.1
Stealth        | 2 |  2.1
Armour         | |  0.6
Summonings     | |  1.1
Translocations | |  0.8

Action                   |  1- 3 |  4- 6 || total
-------------------------+-------+-------++-------
Melee: Unarmed           |    32 |       ||    32
 Cast: Magic Dart        |   124 |    29 ||   153
       Call Imp          |     3 |     7 ||    10
  Use: Scroll            |     3 |     3 ||     6
  Eat: Chunk             |     5 |     3 ||     8
Armor: Robe              |    12 |     2 ||    14
Dodge: Dodged            |    47 |     6 ||    53
